[ AOE2 MATCH · #504990399 ]
UnrankedEthiopians vs Dravidians
Player's team · LOSS
[ REPLAY ANALYSIS · EXTRACTED FROM THE RECORDED GAME ]
Feudal
10:06
Castle
—
Imperial
—
| APM avg | 77.0 |
| APM peak | 95 |
| eAPM avg | 30.2 |
| Villagers / military | 29 / 6 |
Focus
⚔️ 38.5% · 🌾 61.5%
Militia ×6
Feudal
8:55
Castle
—
Imperial
—
| APM avg | 65.9 |
| APM peak | 84 |
| eAPM avg | 21.6 |
| Villagers / military | 29 / 9 |
Focus
⚔️ 40.3% · 🌾 59.7%
Archer ×4 · Militia ×4 · Skirmisher ×1
Match map
Initial resources + every placement click. Lines = walls · curves = elevation contours. ◆ gold · ⬟ stone · ● berries · ✦ relic · ◌ wall gap
Your base
Oni.DauT's base
Smoothed initial terrain · ◌ = detected wall gap · hover for details
Inputs per minute
— _TieuQuy - - Oni.DauT
Build order — _TieuQuy
62 actions detected in the replay
| 0:00 | Create | Villager (Male) |
| 0:01 | Create | Villager (Male) |
| 0:02 | Build | House |
| 0:03 | Build | House |
| 0:15 | Create | Villager (Male) |
| 0:15 | Create | Villager (Male) |
| 1:25 | Create | Villager (Male) |
| 1:26 | Create | Villager (Male) |
| 1:55 | Build | Lumber Camp |
| 2:00 | Create | Villager (Male) |
| 2:00 | Create | Villager (Male) |
| 2:21 | Create | Villager (Male) |
| 2:46 | Create | Villager (Male) |
| 2:46 | Create | Villager (Male) |
| 3:02 | Create | Villager (Male) |
| 3:03 | Create | Villager (Male) |
| 3:33 | Create | Villager (Male) |
| 3:33 | Create | Villager (Male) |
| 3:54 | Build | House |
| 3:58 | Create | Villager (Male) |
| 4:20 | Create | Villager (Male) |
| 4:29 | Build | Barracks |
| 4:55 | Create | Villager (Male) |
| 4:59 | Build | House |
| 5:21 | Create | Villager (Male) |
| 5:22 | Create | Militia |
| 5:23 | Create | Militia |
| 5:29 | Build | Palisade Wall |
| 5:41 | Create | Villager (Male) |
| 5:56 | Create | Villager (Male) |
| 6:11 | Build | Mill |
| 6:36 | Create | Villager (Male) |
| 7:00 | Create | Villager (Male) |
| 7:01 | Research | Loom |
| 7:55 | Research | Feudal Age |
| 8:14 | Build | Mining Camp |
| 8:17 | Create | Militia |
| 8:25 | Build | House |
| 8:27 | Build | Palisade Wall |
| 8:28 | Build | Palisade Wall |
| 8:55 | Create | Militia |
| 9:17 | Create | Militia |
| 9:25 | Build | House |
| 9:32 | Build | Palisade Wall |
| 9:56 | Create | Villager (Male) |
| 10:05 | Create | Militia |
| 10:06 | Age | Feudal Age |
| 10:07 | Build | House |
| 10:08 | Build | Palisade Wall |
| 10:29 | Create | Villager (Male) |
| 10:38 | Build | Archery Range |
| 10:43 | Create | Villager (Male) |
| 10:44 | Research | Double-Bit Axe |
| 10:45 | Research | Double-Bit Axe |
| 10:47 | Build | Palisade Wall |
| 10:51 | Build | House |
| 10:56 | Build | Palisade Wall |
| 10:58 | Create | Villager (Male) |
| 11:04 | Build | Palisade Gate |
| 11:14 | Build | House |
| 11:22 | Create | Villager (Male) |
| 11:32 | Create | Villager (Male) |
Build order — Oni.DauT
61 actions detected in the replay
| 0:01 | Create | Villager (Male) ×4 |
| 0:02 | Build | House |
| 0:02 | Build | House |
| 1:32 | Create | Villager (Male) |
| 1:32 | Create | Villager (Male) |
| 1:49 | Build | Lumber Camp |
| 2:01 | Create | Villager (Male) |
| 2:16 | Create | Villager (Male) |
| 2:45 | Create | Villager (Male) |
| 2:45 | Create | Villager (Male) |
| 3:14 | Create | Villager (Male) |
| 3:15 | Build | House |
| 3:37 | Create | Villager (Male) |
| 3:57 | Create | Villager (Male) |
| 4:30 | Create | Villager (Male) |
| 4:31 | Create | Villager (Male) |
| 4:48 | Build | Mill |
| 4:54 | Create | Villager (Male) |
| 4:54 | Create | Villager (Male) |
| 5:14 | Create | Villager (Male) |
| 5:34 | Create | Villager (Male) |
| 6:06 | Create | Villager (Male) |
| 6:32 | Build | Barracks |
| 6:38 | Create | Villager (Male) |
| 6:45 | Research | Feudal Age |
| 6:45 | Research | Feudal Age |
| 6:50 | Build | House |
| 7:28 | Create | Militia |
| 7:29 | Create | Militia |
| 7:33 | Build | House |
| 7:38 | Build | House |
| 7:40 | Build | Palisade Wall |
| 7:59 | Create | Militia |
| 8:11 | Build | Mining Camp |
| 8:28 | Create | Villager (Male) |
| 8:34 | Create | Militia |
| 8:42 | Build | House |
| 8:55 | Age | Feudal Age |
| 8:58 | Build | Archery Range |
| 8:59 | Create | Villager (Male) |
| 9:04 | Research | Man-at-Arms (upgrade) |
| 9:25 | Create | Villager (Male) |
| 9:27 | Build | Farm |
| 9:30 | Build | Farm |
| 9:36 | Research | Arson |
| 9:36 | Research | Arson |
| 9:41 | Research | Loom |
| 9:54 | Create | Villager (Male) |
| 10:07 | Build | House |
| 10:08 | Create | Skirmisher |
| 10:22 | Build | Farm |
| 10:22 | Build | Farm |
| 10:35 | Build | Farm |
| 10:47 | Create | Villager (Male) |
| 10:54 | Create | Archer |
| 10:54 | Create | Archer |
| 10:56 | Create | Villager (Male) |
| 11:17 | Create | Villager (Male) |
| 11:25 | Create | Archer |
| 11:43 | Create | Villager (Male) |
| 11:46 | Create | Archer |
Match timeline
| 4:29 | _TieuQuy · first_building Barracks |
| 5:29 | _TieuQuy · wall_segment Palisade Wall x9 |
| 6:32 | Oni.DauT · first_building Barracks |
| 7:40 | Oni.DauT · wall_segment Palisade Wall x1 |
| 8:27 | _TieuQuy · wall_segment Palisade Wall x6 |
| 8:28 | _TieuQuy · wall_segment Palisade Wall x1 |
| 8:55 | Oni.DauT · age_up feudal |
| 8:58 | Oni.DauT · first_building Archery Range |
| 9:32 | _TieuQuy · wall_segment Palisade Wall x6 |
| 10:06 | _TieuQuy · age_up feudal |
| 10:08 | _TieuQuy · wall_segment Palisade Wall x1 |
| 10:38 | _TieuQuy · first_building Archery Range |
| 10:47 | _TieuQuy · wall_segment Palisade Wall x1 |
| 10:56 | _TieuQuy · wall_segment Palisade Wall x4 |
| 11:48 | _TieuQuy · resign |
[ AI ANALYSIS · 1 CREDIT ]
What really happened in this match?
Wolo.gg analyzes every decision: build order, eco, micro, common mistakes by bracket. Personalized analysis on WhatsApp or Discord in 30 seconds.
Civ guide
Ethiopians
Perfil
Jugador #2593750